 Dungeon Crawl Stone Soup version 0.20.1-1-g8b1a95d (webtiles) character file.

70 seb29deBrest the Skirmisher (level 4, 0/41 HPs)
             Began as a Minotaur Fighter on Nov 18, 2017.
             Killed from afar by Natasha (2 damage)
             ... with a magic dart
             ... on level 2 of the Dungeon.
             The game lasted 00:08:51 (1614 turns).

seb29deBrest the Skirmisher (Minotaur Fighter)      Turns: 1614, Time: 00:08:53

Health: 0/41       AC:  8    Str: 21    XL:     4   Next: 3%
Magic:  3/3        EV:  7    Int:  5    God:
Gold:   86         SH:  9    Dex: 10    Spells: 3/3 levels left

rFire    . . .     SeeInvis .   a - +0 flail
rCold    . . .     Gourm    .   c - +0 shield
rNeg     . . .     Faith    .   b - +0 scale mail
rPois    .         Spirit   .   (helmet restricted)
rElec    .         Reflect  .   l - +0 cloak (curse)
rCorr    .         Harm     .   (no gloves)
MR       .....                  (no boots)
Stlth    ..........             (no amulet)
Regen    0.2/turn               (no ring)
MPRegen  0.1/turn               (no ring)

@: no status effects
A: retaliatory headbutt, horns 2
a: no special abilities


You were on level 2 of the Dungeon.
You were not hungry.

You visited 1 branch of the dungeon, and saw 2 of its levels.

You collected 86 gold pieces.

Inventory:

Hand Weapons
 a - a +0 flail (weapon)
Armour
 b - a +0 scale mail (worn)
 c - a +0 shield (worn)
 h - a cursed +0 leather armour
 l - a cursed +0 cloak (worn)
Jewellery
 k - a cursed amulet of the gourmand {unknown}
Scrolls
 e - a scroll of remove curse
 g - a scroll of identify {unknown}
 i - a scroll of enchant armour {unknown}
 m - a scroll of immolation {unknown}
Potions
 d - a potion of might
 n - a potion of curing
Comestibles
 j - 3 royal jellies


   Skills:
 * Level 4.4 Fighting
 * Level 3.5 Maces & Flails
 + Level 3.9 Armour
 + Level 0.1 Stealth
 + Level 4.3 Shields


You had 3 spell levels left.
You didn't know any spells.

Dungeon Overview and Level Annotations

Branches:
Dungeon (2/15)

Altars:
Elyvilon
Hepliaklqana
Vehumet

Annotations:
D:2 Natasha


Innate Abilities, Weirdness & Mutations

You reflexively headbutt those who attack you in melee.
You have a pair of horns on your head.


Message History

Natasha stares at you and mumbles some strange words.
The magic dart hits you!
The crimson imp lashes its tail.
The white imp gestures at you. The puff of frost hits you!
You barely miss Natasha.
Natasha is almost dead.
Natasha stares at you and mumbles some strange words.
The magic dart hits you! The white imp gestures at you.
The puff of frost hits you! Natasha claws you!
* * * LOW HITPOINT WARNING * * *
You barely miss Natasha. Your headbutt misses Natasha.
Natasha is almost dead.
The white imp gestures at you. The puff of frost hits you!
* * * LOW HITPOINT WARNING * * *
Natasha casts a spell at you. The magic dart hits you!
You die...

.#
###########........#
#......# .#
#........# #.......
.#
#........####.......
.#
#.####..............
.# #.#
#############..
####'######### #..
#............# #..
#............# #..
#.....@†.....# ###.#
#....h5......# #....
#...>..5.....#
###+#..
#............#
#......
#[.).........#
#......
#............#
#......
#............#
###'###
######.####### #)#
#.......# #####.###


You could see Natasha, a crimson imp and a white imp.

Vanquished Creatures
  Robin (D:2)
  An adder (D:2)
  A dart slug (D:2)
  A leopard gecko (D:2)
  A ball python (D:2)
  5 bats
  2 giant cockroaches (D:1)
  12 goblins
  3 hobgoblins (D:2)
  5 jackals
  A frilled lizard (D:1)
  5 kobolds
  5 rats
43 creatures vanquished.

Vanquished Creatures (others)
  A quokka (D:2)
1 creature vanquished.

Grand Total: 44 creatures vanquished

Notes
Turn   | Place    | Note
-------+----------+-------------------------------------------
     0 | D:1      | seb29deBrest the Minotaur Fighter began the quest for the Orb.
     0 | D:1      | Reached XP level 1. HP: 19/19 MP: 0/0
   245 | D:1      | Reached XP level 2. HP: 27/27 MP: 1/1
   793 | D:2      | Noticed Robin
   801 | D:2      | Reached XP level 3. HP: 23/33 MP: 2/2
   819 | D:2      | Killed Robin
  1072 | D:2      | Found a white marble altar of Elyvilon.
  1096 | D:2      | Found a hazy altar of Hepliaklqana.
  1355 | D:2      | Found a radiant altar of Vehumet.
  1579 | D:2      | Reached XP level 4. HP: 35/41 MP: 3/3
  1606 | D:2      | Noticed Natasha
  1614 | D:2      | HP: 2/41 [white imp/puff of frost[Natasha] (10)]
  1614 | D:2      | Killed from afar by Natasha

Skill      XL: |  1  2 |
---------------+-------+-----
Fighting       | 4 |  4.4
Maces & Flails | 3 |  3.5
Shields        | 4 |  4.3
Armour         | |  3.9
Stealth        | |  0.1

Action                   |  1- 3 |  4- 6 || total
-------------------------+-------+-------++-------
Melee: Flail             |    84 |     7 ||    91
       Headbutt          |    19 |     1 ||    20
  Use: Potion            |     3 |       ||     3
       Scroll            |     1 |       ||     1
  Eat: Bread ration      |     1 |       ||     1
       Chunk             |     1 |       ||     1
Armor: Scale mail        |    46 |     5 ||    51
Dodge: Dodged            |    18 |       ||    18
Block: Shield            |    44 |     2 ||    46
